 Dungeon Crawl Stone Soup version 0.27-a0-29-g2d0a2396b0 (webtiles) character file.

Game seed: 15529564162065952002

72 hehateme the Cutter (level 4, 0/29 HPs)
             Began as a Kobold Fighter on Jan 4, 2021.
             Succumbed to a scorpion's poison
             ... on level 2 of the Dungeon.
             The game lasted 00:01:20 (1178 turns).

hehateme the Cutter (Kobold Fighter)                Turns: 1178, Time: 00:01:20

Health: 0/29       AC:  6    Str: 14    XL:     4   Next: 48%
Magic:  4/4        EV:  8    Int:  9    God:
Gold:   14         SH:  9    Dex: 14    Spells: 3/3 levels left

rFire    . . .     SeeInvis .   a - +0 rapier
rCold    . . .     Faith    .   c - +0 kite shield
rNeg     . . .     Spirit   .   b - +0 scale mail
rPois    .         Reflect  .   (no helmet)
rElec    .         Harm     .   (no cloak)
rCorr    .         Rampage  .   (no gloves)
Will     .....                  (no boots)
Stlth    +.........             (no amulet)
HPRegen  0.09/turn              (no ring)
MPRegen  0.09/turn              (no ring)

@: lethally poisoned (0 -> -5), very slightly contaminated, invisible
A: small, nightstalker 3
a: no special abilities


You were on level 2 of the Dungeon.
You visited 1 branch of the dungeon, and saw 2 of its levels.

You collected 14 gold pieces.

Inventory:

Hand Weapons
 a - a +0 rapier (weapon)
Missiles
 j - 3 atropa-tipped darts (quivered)
 Q - 28 stones
Armour
 b - a +0 scale mail (worn)
 c - a +0 kite shield (worn)
 i - a +0 pair of boots
 k - a cursed +0 pair of boots
Jewellery
 h - an uncursed ring of protection from fire {unknown}
 m - an uncursed ring of ice {unknown}
Scrolls
 e - a scroll of immolation {unknown}
 f - 2 scrolls of remove curse {unknown}
 g - a scroll of fear {unknown}
Potions
 d - a potion of might


   Skills:
 + Level 3.8 Fighting
 * Level 4.2 Short Blades
 + Level 2.8 Armour
 + Level 2.8 Shields


You had 3 spell levels left.
You didn't know any spells.
Your spell library was empty.

Dungeon Overview and Level Annotations

Branches:
Dungeon (2/15)

Altars:


Innate Abilities, Weirdness & Mutations

You are small and have problems with some larger weapons.
You are completely attuned to the shadows.


Message History

There is a lethal amount of poison in your body!
It was a potion of invisibility.
You fade into invisibility!
You are very lightly contaminated with residual magic.
There is a lethal amount of poison in your body!
There is a lethal amount of poison in your body!
* * * LOW HITPOINT WARNING * * *
You feel sick.
You climb downwards.
* * * LOW HITPOINT WARNING * * *
You feel sick.
There is a stone staircase leading up here.
You take 2 damage, and have 2/29 hp.
* * * LOW HITPOINT WARNING * * *
You feel sick.
* * * LOW HITPOINT WARNING * * *
You feel sick.
A rat comes into view.
You take 1 damage, and have 1/29 hp.
You die...

#..>... #
#...(..
.#.#####>.r...
<.....##.(....
#.####.##.@...#
.............[#
#..###..#....#
##†.##..#...##
#<..###...#
###.# ..## #.#
#.. ....

Skill      XL: |  1  2  3 |
---------------+----------+-----
Short Blades   | 3 4 |  4.2
Fighting       | |  3.8
Armour         | |  2.8
Shields        | |  2.8

Notes
Turn   | Place    | Note
-------+----------+-------------------------------------------
     0 | D:1      | hehateme the Kobold Fighter began the quest for the Orb.
     0 | D:1      | Reached XP level 1. HP: 14/14 MP: 1/1
    54 | D:1      | Reached skill level 3 in Short Blades
    75 | D:1      | Reached XP level 2. HP: 15/19 MP: 2/2
   695 | D:1      | Reached XP level 3. HP: 22/23 MP: 3/3
  1151 | D:2      | Noticed a scorpion
  1168 | D:1      | HP: 4/23 [scorpion (3)]
  1169 | D:1      | Killed a scorpion
  1170 | D:1      | Reached skill level 4 in Short Blades
  1170 | D:1      | Reached XP level 4. HP: 4/29 MP: 4/4
  1174 | D:2      | HP: 2/29 [poisoned by a scorpion]
  1178 | D:2      | Succumbed to a scorpion's poison

Table legend: (Time is in decaauts)
 A = Elapsed time spent in this place.
 B = Non-inter-level travel time spent in this place.
 C = Inter-level travel time spent in this place.
 D = Time resting spent in this place.
 E = Time spent auto-exploring this place.
 F = Levels seen in this place.
 G = Mean time per level.
                   A        B        C        D        E       F      G
               +--------+--------+--------+--------+--------+-----+--------+
         Total |   1185 |   1148 |     37 |      0 |   1020 |   2 |  592.5 |
       Dungeon |   1185 |   1148 |     37 |      0 |   1020 |   2 |  592.5 |
               +--------+--------+--------+--------+--------+-----+--------+

Top non-repeatable levels by time:
     D:1: 1152 daAuts
     D:2: 32 daAuts

Table legend:
 A = Kills in this place as a percentage of kills in entire the game.
 B = Kills by you in this place as a percentage of kills by you in the entire game.
 C = Kills by friends in this place as a percentage of kills by friends in the entire game.
 D = Other kills in this place as a percentage of other kills in the entire game.
 E = Experience gained in this place as a percentage of experience gained in the entire game.
 F = Experience gained in this place divided by the number of levels of this place that you have seen.
                   A       B       C       D       E      F
               +-------+-------+-------+-------+-------+----------------------
         Total | 100.0 | 100.0 |   N/A |   N/A | 100.0 |  51.5
       Dungeon | 100.0 | 100.0 |   N/A |   N/A | 100.0 |  51.5
               +-------+-------+-------+-------+-------+----------------------

Action                   |  1- 3 |  4- 6 || total
-------------------------+-------+-------++-------
Melee: Rapier            |    37 |       ||    37
Throw: Stone             |     4 |       ||     4
       Dart              |     5 |       ||     5
  Use: Potion            |       |     1 ||     1
Armor: Scale mail        |    10 |       ||    10
Dodge: Dodged            |     9 |       ||     9
Block: Kite shield       |     9 |       ||     9

Vanquished Creatures
  A scorpion (D:1)
  An ooze (D:1)
  2 dart slugs
  A bat (D:1)
  5 goblins (D:1)
  2 hobgoblins (D:1)
  A kobold (D:1)
  A frilled lizard (D:1)
  3 rats (D:1)
17 creatures vanquished. You could see a rat (wandering).

Levels and vault maps discovered:
D:1:      lemuel_arrival_broad_hall, layout_basic
D:2:      minmay_evil_eye, layout_rooms, xom_redecorated
